 Dungeon Sprint DCSS version 0.19-a0-1553-g64c24c3 (webtiles) character file.

3469 poirepourri the Imperceptible (level 9, -9/39 HPs)
             Began as a Spriggan Enchanter on Sept 14, 2016.
             Was an Elder of Dithmenos.
             Mangled by Agnes
             ... wielding a +2 lajatang of protection
              (29 damage)
             ... in the Dungeon (Sprint IV: "Fedhas' Mad Dash").
             The game lasted 00:05:41 (2071 turns).

poirepourri the Imperceptible (Spriggan Enchanter)  Turns: 2071, Time: 00:05:42

Health: -9/39      AC:  3    Str:  4    XL:     9   Next: 79%
Magic:  18/25      EV: 24    Int: 17    God:    Dithmenos [****..]
Gold:   174        SH:  0    Dex: 19    Spells: 9 memorised, 4 levels left

rFire  . . .     SeeInvis +     a - +1 dagger
rCold  + . .     Gourm    .     b - +1 robe
rNeg   . . .     Faith    .     (shield restricted)
rPois  .         Spirit   .     (helmet restricted)
rElec  .         Dismiss  .     (no cloak)
rCorr  .         Reflect  .     (gloves unavailable)
MR     +....     Harm     .     (boots unavailable)
Stlth  ++++++++++ NoTele   +    n - amulet "Suynorit" {rC+ Regen+}
                                (no ring)
                                (no ring)

@: exhausted, slowed, wreathed by umbra, quick
A: unfitting armour, see invisible, herbivore 3, speed 3, slow metabolism 2
a: Shadow Step, Renounce Religion


You were in the Dungeon.
You worshipped Dithmenos.
Dithmenos was greatly pleased with you.
You were hungry.

You visited 1 branch You collected 174 gold pieces.

Inventory:

Hand Weapons
 a - a +1 dagger (weapon)
Armour
 b - a +1 robe (worn)
Rods
 m - a +4 rod of ignition (13/13)
   (You found it in the Dungeon)
Jewellery
 k - an uncursed amulet of rage
 l - the amulet of invisibility {+Inv}
   (You found it in the Dungeon)

   [amulet of nothing]

   It lets you turn invisible.
 n - the amulet "Suynorit" (around neck) {rC+ Regen+}
   (You found it in the Dungeon)

   [amulet of regeneration]

   It protects you from cold.
   It increases your rate of regeneration.
Wands
 j - a wand of flame (26/48)
Potions
 e - 2 potions of curing
 f - a potion of heal wounds
 g - a potion of haste
 h - 2 potions of magic
Books
 c - a book of Maledictions

   Spells                             Type                      Level
   a - Corona                         Hexes                        1
   b - Ensorcelled Hibernation        Hexes/Ice                    2
   c - Confuse                        Hexes                        3
   d - Tukima's Dance                 Hexes                        3
   e - Dazzling Spray                 Conjuration/Hexes            3
 p - a book of Misfortune

   Spells                             Type                      Level
   a - Confusing Touch                Hexes                        1
   b - Confuse                        Hexes                        3
   c - Gell's Gravitas                Hexes/Translocation          3
   d - Petrify                        Transmutation/Earth          4
   e - Metabolic Englaciation         Hexes/Ice                    5
   f - Yara's Violent Unravelling     Hexes/Transmutation          5
Comestibles
 d - 2 bread rations
 o - 3 royal jellies


   Skills:
 + Level 6.8 Short Blades
 + Level 7.8 Dodging
 + Level 22.3 Stealth
 + Level 11.4 Spellcasting
 + Level 12.6 Hexes
 - Level 1.4 Invocations


You had 4 spell levels left.
You knew the following spells:

 Your Spells              Type           Power        Failure   Level  Hunger
a - Corona                Hex            ######.      1%          1    None
b - Ensorcelled Hibernat  Hex/Ice        ####..       1%          2    None
c - Confuse               Hex            ######..     1%          3    None
d - Tukima's Dance        Hex            ######..     1%          3    None
e - Dazzling Spray        Conj/Hex       ####..       1%          3    None
f - Confusing Touch       Hex            ######       1%          1    None
g - Gell's Gravitas       Hex/Tloc       ####......   1%          3    None
h - Yara's Violent Unrav  Hex/Tmut       ####......   17%         5    #####..
i - Metabolic Englaciati  Hex/Ice        ####......   17%         5    #####..


Dungeon Overview and Level Annotations

Branches:
Dungeon (1/1)

Altars:
Cheibriados
Dithmenos
Elyvilon
Gozag
Hepliaklqana
Kikubaaqudgha
Makhleb
Nemelex Xobeh
Okawaru
Qazlal
Ru
Sif Muna
Trog
Uskayaw
Vehumet
Xom
Yredelemnul
Zin
The Shining One
Beogh
Jiyva
Lugonu

Shops:
D [[(?=(

Annotations:
D Agnes


Innate Abilities, Weirdness & Mutations

You are tiny and cannot use many weapons and most armour.
You have supernaturally acute eyesight. (SInv)
You are a herbivore.
You cover ground extremely quickly.
You need consume almost no food.


Message History

Agnes is lightly wounded.
You closely miss Agnes.
Agnes is lightly wounded.
Your shadow completely misses Agnes.
Agnes misses you.
You feel a strong urge to attack something.
You are no longer berserk.
You are exhausted.
You feel yourself slow down.
You are feeling hungry.
A spriggan berserker comes into view. It is wielding a hand axe.
Agnes barely misses you. Agnes barely misses you.
There is an open door here.
Agnes misses you.
Agnes hits you with a lajatang of protection!
Agnes hits you with a lajatang of protection.
There is an open door here.
Agnes hits you with a lajatang of protection!!
Ouch! That really hurt!
You die...

...#.⌠._._._._.⌠.#..'.))#....##∩#
.(.'.._._._._._..'..#...#....'[.#
...#..._._._._...#..###'##..%##∩#
#'##.._._._._._..#..##∩∩.'...####
...#.⌠._._._._.⌠.#############
...##################
####♣♣♣♣♣..♣.###.'.[+
.)'......♣..♣##.i#..#
..#♣..♣♣♣.♣).###@##'#
..#.♣♣.[♣...♣'...#♣.♣### ####
#############§.§..####
#..♣§§♣§...# # #.i.♣.§§§§.♣...♣
..... ♣§§§§§∩.∩.. ####
###########


You could see Agnes.

Vanquished Creatures
  A spriggan druid (D)
  3 oklob plants (D)
  3 wandering mushrooms (D)
  3 burning bushes (D)
  A queen bee (D)
  2 scorpions (D)
  4 killer bees (D)
  5 oklob saplings (D)
  A worker ant (D)
  2 spriggans (D)
  A river rat (D)
  A rat (D)
  A giant spore (D)
28 creatures vanquished.

Notes
Turn   | Place    | Note
-------+----------+-------------------------------------------
     0 | D        | poirepourri the Spriggan Enchanter began the quest for the Orb.
     0 | D        | Reached XP level 1. HP: 9/9 MP: 5/5
     8 | D        | Reached skill level 7 in Stealth
     8 | D        | Reached XP level 2. HP: 13/13 MP: 6/6
   118 | D        | Learned a level 2 spell: Ensorcelled Hibernation
   121 | D        | Noticed an oklob sapling
   123 | D        | Killed an oklob sapling
   123 | D        | Reached skill level 9 in Stealth
   123 | D        | Reached XP level 3. HP: 16/16 MP: 8/8
   127 | D        | Reached skill level 5 in Dodging
   127 | D        | Reached skill level 11 in Stealth
   145 | D        | Learned a level 3 spell: Confuse
   147 | D        | Noticed an oklob sapling
   159 | D        | Killed an oklob sapling
   159 | D        | Reached XP level 4. HP: 21/21 MP: 2/9
   383 | D        | Found an opulent altar of Gozag.
   383 | D        | Found a hazy altar of Hepliaklqana.
   383 | D        | Found a burning altar of Makhleb.
   383 | D        | Found a roughly hewn altar of Beogh.
   383 | D        | Found a sparkling altar of Nemelex Xobeh.
   383 | D        | Found a snail-covered altar of Cheibriados.
   383 | D        | Found a sacrificial altar of Ru.
   383 | D        | Found a deep blue altar of Sif Muna.
   383 | D        | Found a shimmering altar of Xom.
   383 | D        | Found a basalt altar of Yredelemnul.
   384 | D        | Found a viscous altar of Jiyva.
   384 | D        | Found a bloodstained altar of Trog.
   385 | D        | Found an iron altar of Okawaru.
   385 | D        | Found a shadowy altar of Dithmenos.
   385 | D        | Found a glowing silver altar of Zin.
   386 | D        | Found a hide-covered altar of Uskayaw.
   386 | D        | Found an ancient bone altar of Kikubaaqudgha.
   387 | D        | Found a stormy altar of Qazlal.
   387 | D        | Found a glowing golden altar of the Shining One.
   387 | D        | Found a white marble altar of Elyvilon.
   388 | D        | Found a radiant altar of Vehumet.
   388 | D        | Found a corrupted altar of Lugonu.
   399 | D        | Reached skill level 12 in Stealth
   399 | D        | Reached skill level 5 in Hexes
   399 | D        | Reached XP level 5. HP: 13/24 MP: 0/11
   637 | D        | Became a worshipper of Dithmenos the Shadowed
   647 | D        | Reached skill level 13 in Stealth
   664 | D        | Reached * piety under Dithmenos
   664 | D        | Reached skill level 14 in Stealth
   664 | D        | Reached skill level 5 in Spellcasting
   666 | D        | Reached XP level 6. HP: 28/28 MP: 12/14
   683 | D        | Found Noesu's Armour Shop.
   683 | D        | Found Rocs's Armour Emporium.
   690 | D        | Noticed a burning bush
   690 | D        | Noticed a wandering mushroom
   691 | D        | Noticed a wandering mushroom
   839 | D        | Killed a wandering mushroom
   839 | D        | Reached ** piety under Dithmenos
   839 | D        | Reached skill level 16 in Stealth
   839 | D        | Reached XP level 7. HP: 32/32 MP: 10/18
   850 | D        | Killed a burning bush
   850 | D        | Reached skill level 17 in Stealth
   850 | D        | Reached skill level 10 in Hexes
   886 | D        | Killed a wandering mushroom
   886 | D        | Reached skill level 18 in Stealth
  1078 | D        | Found Qaik Daw's Weapon Emporium.
  1078 | D        | Found Vuwnid's Jewellery Shoppe.
  1131 | D        | Learned a level 3 spell: Tukima's Dance
  1135 | D        | Learned a level 3 spell: Dazzling Spray
  1140 | D        | Noticed a queen bee
  1147 | D        | Killed a queen bee
  1147 | D        | Reached XP level 8. HP: 36/36 MP: 15/21
  1148 | D        | Noticed an oklob plant
  1166 | D        | Reached *** piety under Dithmenos
  1172 | D        | Reached skill level 5 in Short Blades
  1172 | D        | Reached skill level 19 in Stealth
  1485 | D        | Killed an oklob plant
  1485 | D        | Reached **** piety under Dithmenos
  1498 | D        | Identified a +4 rod of ignition (13/13) (You found it in the Dungeon)
  1516 | D        | Noticed a burning bush
  1520 | D        | Killed a burning bush
  1520 | D        | Reached skill level 20 in Stealth
  1520 | D        | Reached skill level 10 in Spellcasting
  1527 | D        | Got a warped diamond amulet
  1543 | D        | Identified the amulet "Suynorit" {rC+ Regen+} (You found it in the Dungeon)
  1653 | D        | Noticed a burning bush
  1653 | D        | Noticed an oklob plant
  1654 | D        | Noticed a wandering mushroom
  1655 | D        | Killed a burning bush
  1655 | D        | Reached ***** piety under Dithmenos
  1655 | D        | Reached XP level 9. HP: 39/39 MP: 24/24
  1699 | D        | Killed an oklob plant
  1699 | D        | Reached skill level 21 in Stealth
  1699 | D        | Reached skill level 1 in Invocations
  1976 | D        | Noticed a spriggan druid
  1978 | D        | Killed a spriggan druid
  1978 | D        | Reached skill level 22 in Stealth
  1993 | D        | Noticed an oklob plant conjurer
  1994 | D        | Killed an oklob plant conjurer
  2004 | D        | Learned a level 1 spell: Confusing Touch
  2008 | D        | Learned a level 3 spell: Gell's Gravitas
  2014 | D        | Learned a level 5 spell: Yara's Violent Unravelling
  2020 | D        | Learned a level 5 spell: Metabolic Englaciation
  2048 | D        | Noticed Agnes
  2050 | D        | Found Fitwill's Antique Weapon Emporium.
  2050 | D        | Found Liycwuh's Magic Scroll Shoppe.
  2064 | D        | Noticed a spriggan berserker
  2071 | D        | Mangled by Agnes

Vault maps used:
D:        dungeon_sprint_fedhas

Skill      XL: |  1  2  3  4  5  6  7  8  9 |
---------------+----------------------------+-----
Stealth        | 7 9 11 12 14 16 18 20 22 | 22.3
Dodging        | 4 5 6 7 |  7.8
Short Blades   | 2 3 4 5 6 |  6.8
Spellcasting   | 3 5 6 8 10 11 | 11.4
Hexes          | 5 7 9 10 11 12 | 12.6
Invocations    | 1 |  1.4

Action                   |  1- 3 |  4- 6 |  7- 9 || total
-------------------------+-------+-------+-------++-------
Melee: Dagger            |    12 |    12 |    47 ||    71
 Cast: Confuse           |     2 |     6 |     9 ||    17
       Ensorcelled Hiber |       |     1 |     7 ||     8
       Dazzling Spray    |       |       |     1 ||     1
Invok: Shadow Step       |       |       |     4 ||     4
  Use: Scroll            |       |       |     2 ||     2
       Potion            |       |       |     2 ||     2
 Stab: Sleeping          |     4 |     6 |     9 ||    19
       Confused          |     1 |     2 |     9 ||    12
       Distracted        |       |       |     2 ||     2
Armor: Robe              |       |       |     2 ||     2
Dodge: Dodged            |     1 |     1 |    42 ||    44
